 Dungeon Crawl Stone Soup version 0.30.1-3-gfc49f6343a (webtiles) character file.

Game seed: 11341462643747133250

19 Peloso the Covered (level 2, 27/27 HPs)
             Began as a Minotaur Fighter on July 19, 2023.
             Got out of the dungeon alive.
             The game lasted 00:01:26 (1078 turns).

Peloso the Covered (Minotaur Fighter)               Turns: 1078, Time: 00:01:27

Health: 27/27      AC: 11    Str: 20    XL:     2   Next: 55%
Magic:  1/1        EV:  5    Int:  5    God:
Gold:   37         SH:  4    Dex:  9    Spells: 1/1 levels left

rFire   . . .        a - +0 long sword
rCold   . . .        d - +0 buckler
rNeg    . . .        c - +0 plate armour
rPois   .            (helmet restricted)
rElec   .            (no cloak)
rCorr   .            (no gloves)
SInv    .            (no boots)
Will    .....        g - amulet of the acrobat Stlth
                     (no ring)
HPRegen 0.24/turn    (no ring)
MPRegen 0.07/turn

%: acrobat
@: no status effects
A: horns 2, retaliatory headbutt, talons 1, inability to drink after injury 1
a: no special abilities


You escaped.
You visited 1 branch of the dungeon, and saw 2 of its levels.

You collected 37 gold pieces.

Inventory:

Hand Weapons
 a - a +0 long sword (weapon)
Armour
 b - a +0 scale mail
 c - a +0 plate armour (worn)
 d - a +0 buckler (worn)
Jewellery
 g - an amulet of the acrobat (around neck)
Scrolls
 e - a scroll of noise {unknown}
 f - 2 scrolls of identify {unknown}
Potions
 h - a potion of might


   Skills:
 + Level 4.0 Fighting
 + Level 2.6 Long Blades
 + Level 4.2 Armour
 + Level 3.8 Shields


You had one spell level left.
You didn't know any spells.
Your spell library was empty.

Dungeon Overview and Level Annotations

Branches:
Dungeon (2/15)

Altars:


Innate Abilities, Weirdness & Mutations

You have a pair of horns on your head.
You reflexively headbutt those who attack you in melee.
You have sharp toenails.
You occasionally lose the ability to drink potions when taking damage.


Message History

Number of times to repeat, then command key: You must enter the number of times for the command to repeat.
There is a stone staircase leading up here.
Found a stone staircase leading up.
A rat comes into view.
The rat moves out of view.
A rat is nearby!
The rat bites you.
You hit the rat.
You kill the rat!
An endoplasm comes into view.
The endoplasm quivers.
You see here a smoky orange potion.
You barely miss the endoplasm. You headbutt the endoplasm.
The endoplasm is heavily wounded.
The endoplasm freezes you.
You are frozen.
You slash the endoplasm!
You kill the endoplasm!
i - a smoky orange potion It was a potion of mutation.
You feel extremely strange.
You occasionally lose the ability to drink potions when taking damage.
Your toenails lengthen and sharpen.
(D) Dungeon
Where to? (Enter - D:1 @ (x,y), ? - help)
What level of the Dungeon? (default 1, ? - help) HP restored.
There is a stone staircase leading up here.
You are starting to lose your buoyancy.
You fly upwards.
There is a stone staircase leading down here.
You float gracefully downwards.
There is an open door here.
There is an open door here.
You open the door.
There is an open door here.
There is an open door here.
There is a staircase leading out of the dungeon here.
Are you sure you want to leave the Dungeon?
This will make you lose the game!
You have escaped!

.#.....#..#.#..######..#.......##
.......#..#.#..#...##..#.......#
..........#.#..#'#.....#.......#
.......#..#'#..#.#.##.###......#
#####..........#'#.............##
..............##.#..#####....#...
#####.........##'##.....#.##.####
##........#####...#####.#.##.# #
##.###....'.'.'.@.'.'.'.#.##.####
........#.#####...#####..........
##..#.........##'## ###.##.####
........#.#....#.# #.#......
....##..#.###..#'# #.#.#.###
........#.# #..#.# #.#......
..#.##.##.######'########.#.#.###
.#..##.##.................#.#.# #
....##.######################.###


There were no monsters in sight!

Vanquished Creatures
  An endoplasm (D:2)
  A hobgoblin (D:1)
  4 jackals (D:1)
  7 kobolds (D:1)
  A ball python (D:1)
  2 frilled lizards (D:1)
  2 rats
18 creatures vanquished.

Notes
Turn   | Place    | Note
-------+----------+-------------------------------------------
     0 | D:1      | Peloso the Minotaur Fighter began the quest for the Orb.
     0 | D:1      | Reached XP level 1. HP: 19/19 MP: 0/0
   481 | D:1      | Reached XP level 2. HP: 24/27 MP: 1/1
  1030 | D:2      | Gained mutation: You occasionally lose the ability to drink
                  | potions when taking damage. [potion of mutation]
  1030 | D:2      | Gained mutation: You have sharp toenails. [potion of
                  | mutation]
  1078 | D:$      | Got out of the dungeon alive.

Illustrated notes

Levels and vault maps discovered:
D:1:      minmay_arrival_doors, layout_basic, lexackson_kobold_supper
D:2:      layout_loops_cross, minmay_close_crescents

Skill      XL: |  1  2 |
---------------+-------+-----
Armour         | 4 |  4.2
Fighting       | 4 |  4.0
Long Blades    | |  2.6
Shields        | |  3.8

Action                     || total
---------------------------++-------
  Melee: Long sword        ||    25
         Headbutt          ||     3
    Use: Potion            ||     2
 Armour: Scale mail        ||     2
         Plate armour      ||    12
  Dodge: Dodged            ||    14
  Block: Buckler           ||     7
